RL
CHANDLERS FIREBIRDS @ ELKTON GENERALS
09/12/2059
 
TOP OF THE 1ST
Chandlers Firebirds batting - Pitching for Elkton Generals : RHP Khalil Givens
Pitching: RHP Khalil Givens
Batting: RHB Lucas Sandoe 0-0: Ball
1-0: Ball
2-0: Foul Ball, location: 2F
2-1: Called Strike
2-2: Foul Ball, location: 2F
2-2: Ball
3-2: Ground out 5-3 (Groundball, 56S, EV 79.4 MPH)
Batting: RHB Lucian Goldsmith 0-0: Ball
1-0: Ball
2-0: Ground out 6-3 (Groundball, 6M, EV 105.6 MPH)
Batting: RHB Devin Heslin 0-0: Ball
1-0: Fly out, F8 (Flyball, 8RXD, EV 95.0 MPH)
Top of the 1st over - 0 runs, 0 hits, 0 errors, 0 left on base; Chandlers 0 - Elkton 0
BOTTOM OF THE 1ST
Elkton Generals batting - Pitching for Chandlers Firebirds : RHP Blake Mahon
Pitching: RHP Blake Mahon
Batting: RHB Roland Henderson 0-0: Ball
1-0: Called Strike
1-1: Ball
2-1: Foul Ball, location: 2F
2-2: Strikes out swinging
Batting: LHB Isiah Washington 0-0: Ball
1-0: Ball
2-0: Ball
3-0: Base on Balls
Batting: RHB Scott Baisley 0-0: Foul Ball, location: 2F
0-1: Fly out, F8 (Flyball, 8LD, EV 92.5 MPH)
Batting: SHB Kavon Almodovar 0-0: Ball
1-0: Ball
2-0: Ball
3-0: Called Strike
3-1: 2-RUN HOME RUN (Flyball, 89XD, EV 107.5 MPH), Distance : 418 ft
Batting: LHB Cody Parker 0-0: Ball
1-0: Called Strike
1-1: Ground out 6-3 (Groundball, 6, EV 101.9 MPH)
Bottom of the 1st over - 2 runs, 1 hit, 0 errors, 0 left on base; Chandlers 0 - Elkton 2
TOP OF THE 2ND
Chandlers Firebirds batting - Pitching for Elkton Generals : RHP Khalil Givens
Batting: LHB Javarez Jones 0-0: Ball
1-0: Foul Ball, location: 2F
1-1: Ball
2-1: Ball
3-1: Called Strike
3-2: Foul Ball, location: 2F
3-2: Fly out, F7 (Flyball, 7S, EV 83.8 MPH)
Batting: RHB Ozzie Christiansen 0-0: Ball
1-0: Ball
2-0: Foul Ball, location: 2F
2-1: Swinging Strike
2-2: Foul Ball, location: 2F
2-2: Foul Ball, location: 2F
2-2: Strikes out swinging, 2-3 out at first.
Batting: RHB Tristen Severson 0-0: Called Strike
0-1: Fly out, F8 (Line Drive, 78M, EV 85.6 MPH)
Top of the 2nd over - 0 runs, 0 hits, 0 errors, 0 left on base; Chandlers 0 - Elkton 2
BOTTOM OF THE 2ND
Elkton Generals batting - Pitching for Chandlers Firebirds : RHP Blake Mahon
Batting: RHB Erik Holland 0-0: Ball
1-0: Swinging Strike
1-1: Ball
2-1: Foul Ball, location: 2F
2-2: Strikes out looking
Batting: LHB Garrison Endres 0-0: Ball
1-0: Called Strike
1-1: Ball
2-1: Ground out 6-3 (Groundball, 6, EV 78.1 MPH)
Batting: RHB Powell Quiroz 0-0: Called Strike
0-1: Ball
1-1: Foul Ball, location: 2F
1-2: Ball
2-2: SINGLE (Groundball, 6MD, EV 95.6 MPH)
Pitching: RHP Oren Hogg
Batting: LHB Torrion Aguilar 0-0: Ball
1-0: Ball
2-0: Called Strike
2-1: Fly out, F9 (Flyball, 9, EV 80.6 MPH)
Bottom of the 2nd over - 0 runs, 1 hit, 0 errors, 1 left on base; Chandlers 0 - Elkton 2
TOP OF THE 3RD
Chandlers Firebirds batting - Pitching for Elkton Generals : RHP Khalil Givens
Batting: RHB Camron Rispoli 0-0: Ball
1-0: Ball
2-0: Foul Ball, location: 2F
2-1: Fly out, F7 (Flyball, 78S, EV 86.2 MPH)
Batting: LHB Camron LaLonde 0-0: Fly out, F5 (Popup, 5S, EV 85.6 MPH)
Batting: LHB Kamari Bryant 0-0: Foul Ball, location: 2F
0-1: Ball
1-1: Ball
2-1: Swinging Strike
2-2: Ball
3-2: Foul Ball, location: 2F
3-2: Foul Ball, location: 2F
3-2: Fly out, F7 (Flyball, 78S, EV 90.0 MPH)
Top of the 3rd over - 0 runs, 0 hits, 0 errors, 0 left on base; Chandlers 0 - Elkton 2
BOTTOM OF THE 3RD
Elkton Generals batting - Pitching for Chandlers Firebirds : RHP Oren Hogg
Batting: RHB Roland Henderson 0-0: Ground out 4-3 (Groundball, 4, EV 105.6 MPH)
Batting: LHB Isiah Washington 0-0: SINGLE (Flyball, 78S, EV 89.4 MPH)
Batting: RHB Scott Baisley 0-0: Ball
1-0: Ball
2-0: Ball
3-0: Base on Balls
Isiah Washington to second
Batting: SHB Kavon Almodovar 0-0: Ball
1-0: Called Strike
1-1: Ball
2-1: Ball
3-1: Base on Balls
Isiah Washington to third
Scott Baisley to second
Batting: LHB Cody Parker 0-0: Swinging Strike
0-1: Ball
1-1: Ball
2-1: Ball
3-1: Called Strike
3-2: Base on Balls
Isiah Washington scores
Scott Baisley to third
Kavon Almodovar to second
Batting: RHB Erik Holland 0-0: Swinging Strike
0-1: Ball
1-1: Ball
2-1: Called Strike
2-2: SINGLE (Groundball, 25, EV 66.2 MPH) (infield hit)
Scott Baisley scores
Kavon Almodovar to third
Cody Parker to second
Pitching: LHP Dawson Pellegrino
Batting: LHB Garrison Endres 0-0: Swinging Strike
0-1: SINGLE (Line Drive, 9S, EV 112.5 MPH)
Kavon Almodovar scores
Cody Parker to third
Erik Holland to second
Batting: RHB Powell Quiroz 0-0: Fly out, F8 (Flyball, 78S, EV 92.5 MPH)
Batting: LHB Torrion Aguilar 0-0: Ball
1-0: Called Strike
1-1: Swinging Strike
1-2: Strikes out swinging
Bottom of the 3rd over - 3 runs, 3 hits, 0 errors, 3 left on base; Chandlers 0 - Elkton 5
TOP OF THE 4TH
Chandlers Firebirds batting - Pitching for Elkton Generals : RHP Khalil Givens
Batting: RHB Lucas Sandoe 0-0: Foul Ball, location: 2F
0-1: Ball
1-1: SINGLE (Line Drive, 34D, EV 98.1 MPH)
Batting: RHB Lucian Goldsmith 0-0: Swinging Strike
0-1: Called Strike
0-2: Foul Ball, location: 2F
0-2: Ball
1-2: Foul Ball, location: 2F
1-2: Ball
2-2: 2-RUN HOME RUN (Flyball, 7D, EV 96.2 MPH), Distance : 365 ft
Batting: RHB Devin Heslin 0-0: Ball
1-0: Called Strike
1-1: Ground out 6-3 (Groundball, 6M, EV 100.6 MPH)
Batting: LHB Javarez Jones 0-0: Ball
1-0: Called Strike
1-1: Swinging Strike
1-2: Foul Ball, location: 2F
1-2: Ball
2-2: Foul Ball, location: 2F
2-2: Strikes out swinging
Batting: RHB Ozzie Christiansen 0-0: Called Strike
0-1: Foul Ball, location: 2F
0-2: Strikes out swinging
Top of the 4th over - 2 runs, 2 hits, 0 errors, 0 left on base; Chandlers 2 - Elkton 5
BOTTOM OF THE 4TH
Elkton Generals batting - Pitching for Chandlers Firebirds : LHP Dawson Pellegrino
Batting: RHB Roland Henderson 0-0: Ball
1-0: Ball
2-0: Called Strike
2-1: Ball
3-1: Ground out 4-3 (Groundball, 4, EV 83.8 MPH)
Batting: LHB Isiah Washington 0-0: SINGLE (Flyball, 34D, EV 91.2 MPH)
Batting: RHB Scott Baisley 0-0: Ball
1-0: Ball
2-0: Ball
3-0: Base on Balls
Isiah Washington to second
Batting: SHB Kavon Almodovar 0-0: Called Strike
0-1: Ball
1-1: Ball
2-1: Ground out 5-3 (Groundball, 56S, EV 70.6 MPH)
Isiah Washington to third
Scott Baisley to second
Batting: LHB Cody Parker 0-0: Ball
1-0: Foul Ball, location: 2F
1-1: Called Strike
1-2: Ball
2-2: Ball
3-2: Strikes out looking
Bottom of the 4th over - 0 runs, 1 hit, 0 errors, 2 left on base; Chandlers 2 - Elkton 5
TOP OF THE 5TH
Chandlers Firebirds batting - Pitching for Elkton Generals : RHP Khalil Givens
Batting: RHB Tristen Severson 0-0: Ball
1-0: SINGLE (Groundball, 56S, EV 95.0 MPH)
Batting: RHB Camron Rispoli 0-0: Fly out, F7 (Flyball, 78M, EV 83.8 MPH)
Batting: LHB Camron LaLonde 0-0: Ball
1-0: Ball
2-0: Ball
3-0: Called Strike
3-1: Fly out, F8 (Flyball, 8LD, EV 65.6 MPH)
Batting: LHB Kamari Bryant 0-0: Ground out 4-3 (Groundball, 34D, EV 78.8 MPH)
Top of the 5th over - 0 runs, 1 hit, 0 errors, 1 left on base; Chandlers 2 - Elkton 5
BOTTOM OF THE 5TH
Elkton Generals batting - Pitching for Chandlers Firebirds : LHP Dawson Pellegrino
Batting: RHB Erik Holland 0-0: Ball
1-0: Ground out 1-3 (Groundball, 15, EV 71.2 MPH)
Batting: LHB Garrison Endres 0-0: Called Strike
0-1: Foul Ball, location: 2F
0-2: Ball
1-2: Strikes out swinging
Batting: RHB Powell Quiroz 0-0: Ground out 4-3 (Groundball, 4, EV 90.0 MPH)
Bottom of the 5th over - 0 runs, 0 hits, 0 errors, 0 left on base; Chandlers 2 - Elkton 5
TOP OF THE 6TH
Chandlers Firebirds batting - Pitching for Elkton Generals : RHP Khalil Givens
Batting: RHB Lucas Sandoe 0-0: Called Strike
0-1: Ball
1-1: Foul Ball, location: 2F
1-2: Foul Ball, location: 2F
1-2: Foul Ball, location: 2F
1-2: Ball
2-2: Ball
3-2: Foul Ball, location: 2F
3-2: SINGLE (Line Drive, 8RS, EV 101.2 MPH)
Batting: RHB Lucian Goldsmith 0-0: Called Strike
0-1: Foul Ball, location: 2F
0-2: Strikes out swinging
Batting: RHB Devin Heslin 0-0: Swinging Strike
0-1: Ball
1-1: Swinging Strike
1-2: Ball
Lucas Sandoe is caught stealing 2nd base 2-4
2-2: Ball
3-2: Ground out U3 (Groundball, 3L, EV 88.1 MPH)
Top of the 6th over - 0 runs, 1 hit, 0 errors, 0 left on base; Chandlers 2 - Elkton 5
BOTTOM OF THE 6TH
Elkton Generals batting - Pitching for Chandlers Firebirds : LHP Dawson Pellegrino
Batting: LHB Torrion Aguilar 0-0: Ball
1-0: Foul Ball, location: 2F
1-1: Ball
2-1: Foul Ball, location: 2F
2-2: Ball
3-2: Base on Balls
Batting: RHB Roland Henderson 0-0: Sac Bunt to 2R - play at first, batter OUT! 2-3
Torrion Aguilar to second
Batting: LHB Isiah Washington 0-0: Ball
1-0: Ball
2-0: Foul Ball, location: 2F
2-1: Foul Ball, location: 2F
2-2: Foul Ball, location: 2F
2-2: Foul Ball, location: 2F
2-2: Ball
3-2: Base on Balls
Pitching: RHP Khaynin Bloom
Batting: RHB Scott Baisley 0-0: Called Strike
0-1: Ball
1-1: Called Strike
1-2: Ball
2-2: Strikes out swinging
Batting: SHB Kavon Almodovar 0-0: Swinging Strike
0-1: Ball
1-1: Foul Ball, location: 2F
1-2: Ground out 3-1 (Groundball, 34D, EV 80.6 MPH)
Bottom of the 6th over - 0 runs, 0 hits, 0 errors, 2 left on base; Chandlers 2 - Elkton 5
TOP OF THE 7TH
Chandlers Firebirds batting - Pitching for Elkton Generals : RHP Khalil Givens
Pitching: LHP Bailey Flodin
Batting: LHB Javarez Jones 0-0: Ball
1-0: Ball
2-0: Ball
3-0: Base on Balls
Batting: RHB Ozzie Christiansen 0-0: Swinging Strike
0-1: Swinging Strike
0-2: Foul Ball, location: 2F
0-2: Strikes out swinging
Batting: RHB Tristen Severson 0-0: Ball
1-0: Ground out 6-3 (Groundball, 4MD, EV 98.1 MPH)
Javarez Jones to second
Batting: RHB Camron Rispoli 0-0: Ball
1-0: Foul Ball, location: 2F
1-1: Called Strike
1-2: Strikes out swinging
Top of the 7th over - 0 runs, 0 hits, 0 errors, 1 left on base; Chandlers 2 - Elkton 5
BOTTOM OF THE 7TH
Elkton Generals batting - Pitching for Chandlers Firebirds : RHP Khaynin Bloom
Batting: LHB Cody Parker 0-0: Called Strike
0-1: Ball
1-1: Ball
2-1: Ball
3-1: Foul Ball, location: 2F
3-2: Foul Ball, location: 2F
3-2: Foul Ball, location: 2F
3-2: Base on Balls
Batting: RHB Erik Holland 0-0: Bunted foul
0-1: Bunted foul
0-2: Foul Ball, location: 2F
0-2: Fly out, F9 (Flyball, 9S, EV 83.1 MPH)
Batting: LHB Garrison Endres 0-0: Ball
1-0: Foul Ball, location: 2F
1-1: Reached on error, E1 (Groundball, 13, EV 68.8 MPH)
Cody Parker to second
Batting: RHB Powell Quiroz 0-0: Called Strike
0-1: Fly out, F9 (Line Drive, 9, EV 92.5 MPH)
Batting: LHB Torrion Aguilar 0-0: Ball
1-0: Ball
2-0: Called Strike
2-1: Foul Ball, location: 2F
2-2: SINGLE (Line Drive, 8LS, EV 97.5 MPH)
Cody Parker to third
Garrison Endres to second
Batting: RHB Roland Henderson 0-0: Ball
1-0: Called Strike
1-1: Ball
2-1: Foul Ball, location: 2F
2-2: Ball
3-2: Ground out 4-3 (Groundball, 4, EV 86.2 MPH)
Bottom of the 7th over - 0 runs, 1 hit, 1 error, 3 left on base; Chandlers 2 - Elkton 5
TOP OF THE 8TH
Chandlers Firebirds batting - Pitching for Elkton Generals : LHP Bailey Flodin
Batting: RHB Art Griffiths 0-0: Foul Ball, location: 2F
0-1: Swinging Strike
0-2: Ball
1-2: Foul Ball, location: 2F
1-2: Ball
2-2: Strikes out swinging
Batting: LHB Kamari Bryant 0-0: Foul Ball, location: 2F
0-1: Ground out U3 (Groundball, 3, EV 103.1 MPH)
Batting: RHB Lucas Sandoe 0-0: Foul Ball, location: 2F
0-1: Foul Ball, location: 2F
0-2: Ball
1-2: Ball
2-2: Ball
3-2: Ground out U3 (Groundball, 34S, EV 95.0 MPH)
Top of the 8th over - 0 runs, 0 hits, 0 errors, 0 left on base; Chandlers 2 - Elkton 5
BOTTOM OF THE 8TH
Elkton Generals batting - Pitching for Chandlers Firebirds : RHP Khaynin Bloom
Batting: LHB Isiah Washington 0-0: Fly out, F8 (Flyball, 8LXD, EV 102.5 MPH)
Batting: RHB Scott Baisley 0-0: Called Strike
0-1: Ball
1-1: Ball
2-1: Foul Ball, location: 2F
2-2: Ball
3-2: SINGLE (Groundball, 6MD, EV 104.4 MPH)
Batting: SHB Kavon Almodovar 0-0: Ball
1-0: Ball
2-0: Foul Ball, location: 2F
2-1: SINGLE (Groundball, 34D, EV 103.8 MPH)
Scott Baisley to second
Throwing error, E9
Scott Baisley scores
Kavon Almodovar to second
Pitching: RHP Stedman Ortiz
Batting: LHB Cody Parker 0-0: Fly out, F9 (Flyball, 9S, EV 95.6 MPH)
Batting: RHB Erik Holland 0-0: Called Strike
0-1: Called Strike
0-2: Foul Ball, location: 2F
0-2: Strikes out swinging
Bottom of the 8th over - 1 run, 2 hits, 1 error, 1 left on base; Chandlers 2 - Elkton 6
TOP OF THE 9TH
Chandlers Firebirds batting - Pitching for Elkton Generals : LHP Bailey Flodin
Pitching: RHP Mario Quintero
Now at C: Brian Van Valkenburg
Now at 1B: Devin Sneary
Now at 2B: Gavin Nichols
Now at 3B: Robbie Berecz
Batting: RHB Lucian Goldsmith 0-0: Ball
1-0: Fly out, F9 (Flyball, 89D, EV 95.6 MPH)
Batting: RHB Devin Heslin 0-0: Called Strike
0-1: Ball
1-1: Foul Ball, location: 2F
1-2: Foul Ball, location: 2F
1-2: Ground out 5-3 (Groundball, 56S, EV 78.8 MPH)
Batting: LHB Javarez Jones 0-0: Called Strike
0-1: Ball
1-1: Ball
2-1: Foul Ball, location: 2F
2-2: Ball
3-2: Base on Balls
Batting: RHB Ozzie Christiansen 0-0: Ball
1-0: Foul Ball, location: 2F
1-1: Ball
2-1: Foul Ball, location: 2F
2-2: Foul Ball, location: 2F
2-2: Strikes out swinging
Top of the 9th over - 0 runs, 0 hits, 0 errors, 1 left on base; Chandlers 2 - Elkton 6
Sunday, March 31st , 2024 - OOTP Baseball 23.10 Build 110